 Dungeon Crawl Stone Soup version 0.27.0-1-g7a089689b8 (webtiles) character file.

Game seed: 12268420026056016601

16 Spectrina the Sneak (level 2, -1/18 HPs)
             Began as a Deep Elf Delver on July 31, 2021.
             Slain by a goblin (3 damage)
             ... on level 1 of the Dungeon.
             The game lasted 00:04:14 (472 turns).

Spectrina the Sneak (Deep Elf Delver)                Turns: 472, Time: 00:04:14

Health: -1/18      AC:  3    Str:  9    XL:     2   Next: 37%
Magic:  7/7        EV: 12    Int: 14    God:
Gold:   34         SH:  0    Dex: 16    Spells: 6/6 levels left

rFire    . . .     SeeInvis .   a - +0 short sword
rCold    . . .     Faith    .   (no shield)
rNeg     . . .     Spirit   .   b - +0 leather armour
rPois    .         Reflect  .   (no helmet)
rElec    .         Harm     .   (no cloak)
rCorr    .         Rampage  .   (no gloves)
Will     .....                  (no boots)
Stlth    +++.......             (no amulet)
HPRegen  0.06/turn              (no ring)
MPRegen  0.10/turn              (no ring)

@: no status effects
A: no striking features
a: no special abilities


You were on level 1 of the Dungeon.
You visited 1 branch of the dungeon, and saw 5 of its levels.
You also visited: Ossuary.

You collected 34 gold pieces.

Inventory:

Hand Weapons
 a - a +0 short sword (weapon)
 n - a +0 dagger
Missiles
 k - 4 poisoned darts (quivered)
 m - 40 stones
Armour
 b - a +0 leather armour (worn)
Jewellery
 j - a +6 ring of intelligence
Wands
 g - a wand of digging (3)
Scrolls
 c - a scroll of fog
 d - a scroll of magic mapping
 e - a scroll of fear
 h - a scroll of identify {unknown}
 i - a scroll of teleportation {unknown}
Potions
 f - 2 potions of haste
 l - a potion of curing {unknown}


   Skills:
 - Level 2.4 Fighting
 - Level 2.0 Short Blades
 - Level 2.4 Dodging
 - Level 6.0 Stealth
 + Level 2.9 Spellcasting


You had 6 spell levels left.
You didn't know any spells.
Your spell library contained the following spells:

 Spells                   Type           Power      Damage    Failure   Level
 Sublimation of Blood     Necr           1%         N/A       43%         2
 Wereblood                Tmut           2%         N/A       43%         2
 Summon Hydra             Summ           1%         N/A       100%        7


Dungeon Overview and Level Annotations

Branches:
Dungeon (5/15)            Ossuary (visited)
 Temple: D:4-7

Altars:


Message History

The dart slug misses you.
You hit the dart slug.
You kill the dart slug!
A ball python comes into view.
Found 13 gold pieces.
The helpless ball python fails to defend itself.
You impale the ball python!!
You kill the ball python!
You now have 34 gold pieces (gained 13).
A goblin comes into view. It is wielding a +0 dagger.
The goblin shouts!
An endoplasm comes into view.
You miss the goblin. The goblin hits you but does no damage.
You hit the goblin.
The goblin is moderately wounded.
The goblin hits you with a +0 dagger.
* * * LOW HITPOINT WARNING * * *
You closely miss the goblin.
The goblin is moderately wounded.
The goblin hits you with a +0 dagger.
* * * LOW HITPOINT WARNING * * *
You hit the goblin.
The goblin is heavily wounded.
The goblin barely misses you.
You hit the goblin.
You kill the goblin!
You see here a +0 dagger.
n - a +0 dagger
n - a +0 dagger (weapon)
A goblin comes into view. It is wielding a +0 dagger.
The goblin shouts!
The goblin misses you.
You hit the goblin.
The goblin is moderately wounded.
The goblin hits you but does no damage.
a - a +0 short sword (weapon)
You miss the goblin.
The goblin is moderately wounded.
The goblin hits you with a +0 dagger.
You die...

########
.......######
######......#
######.#
####.######
#.........#
#.##.####@# #
#.# #g# #.#
#.. #.. ####
###


You could see a goblin.

Vanquished Creatures
  A dart slug (D:1)
  A ball python (D:1)
  A bat (D:1)
  An endoplasm (D:4)
  A giant cockroach (D:1)
  2 goblins (D:1)
  A hobgoblin (D:1)
  A kobold (D:4)
  2 frilled lizards (D:1)
  A rat (D:1)
12 creatures vanquished.

Notes
Turn   | Place    | Note
-------+----------+-------------------------------------------
     0 | D:5      | Spectrina the Deep Elf Delver began the quest for the Orb.
     0 | D:5      | Reached XP level 1. HP: 13/13 MP: 3/3
    26 | D:5      | Noticed a necrophage
    44 | D:5      | Found a sand-covered staircase.
    51 | Ossuary  | Entered an ossuary
    57 | Ossuary  | Noticed a scorpion
   171 | D:4      | Reached skill level 1 in Spellcasting
   313 | D:1      | Reached XP level 2. HP: 2/18 MP: 7/7
   472 | D:1      | Slain by a goblin

Illustrated notes

Levels and vault maps discovered:
D:1:      dpeg_arrival_tiny_d, layout_loops_ring
D:2:      layout_basic, basic_altar, serial_shops, nicolae_shop_trees
D:3:      layout_rooms, cheibrodos_ashenzari_chains,
          chequers_ecumenical_altar_simple_redux, chequers_garden
D:4:      layout_basic, zin_statuary, serial_curves, eino_curves_03,
          eino_curves_03, gammafunk_ghost_grave, eino_tiny_chamber, uniq_pikel
D:5:      layout_basic, nicolae_wu_jian_wuxing_cycle,
          mainiacjoe_overflow_six_doors_small, chequers_ossuary_entry_cave,
          uniq_crazy_yiuf_cottage

Skill      XL: |  1 |
---------------+----+-----
Spellcasting   | 2 |  2.9
Fighting       | |  2.4
Short Blades   | |  2.0
Dodging        | |  2.4
Stealth        | |  6.0

Action                   || total
-------------------------++-------
Melee: Short sword       ||    43
       Dagger            ||     1
  Use: Scroll            ||     1
 Stab: Sleeping          ||     5
Armor: Leather armour    ||     9
Dodge: Dodged            ||    26
